 Dungeon Crawl Stone Soup version 0.20.1-1-g8b1a95d (webtiles) character file.

3 PrincessLeslie the Caller (level 1, 0/7 HPs)
             Began as a Felid Summoner on Aug 18, 2017.
             Slain by a leopard gecko (5 damage)
             ... on level 1 of the Dungeon.
             The game lasted 00:06:31 (104 turns).

PrincessLeslie the Caller (Felid Summoner)           Turns: 104, Time: 00:06:31

Health: 0/7        AC:  1    Str:  4    XL:     1   Next: 41%
Magic:  1/4        EV: 18    Int: 16    God:
Gold:   38         SH:  0    Dex: 16    Spells: 3/4 levels left
                                        Lives:  0   Deaths: 0

rFire    . . .     SeeInvis +   (weapon unavailable)
rCold    . . .     Gourm    .   (shield unavailable)
rNeg     . . .     Faith    .   (armour unavailable)
rPois    .         Spirit   .   (helmet unavailable)
rElec    .         Reflect  .   (cloak unavailable)
rCorr    +         Harm     .   (gloves unavailable)
MR       .....                  (boots unavailable)
Stlth    +++.......             (no amulet)
Regen    0.1/turn               f - ring of resist corrosion
MPRegen  0.1/turn               (no ring)

@: quick
A: no armour, no weapons or thrown items, stealth, claws 1, fangs 3, see
invisible, carnivore 3, speed 1, shaggy fur 1, slow metabolism 1, sharp paws
a: no special abilities


You were on level 1 of the Dungeon.
You were not hungry.

You visited 1 branch of the dungeon, and saw 1 of its levels.

You collected 38 gold pieces.

Inventory:

Hand Weapons
 e - a +0 dagger
Missiles
 d - 17 bolts
Armour
 c - a +0 leather armour
Jewellery
 f - a ring of resist corrosion (left paw)
Books
 a - a book of Callings

   Spells                             Type                      Level
   a - Summon Small Mammal            Summoning                    1
   b - Call Imp                       Summoning                    2
   c - Call Canine Familiar           Summoning                    3
   d - Summon Guardian Golem          Hexes/Summoning              3
   e - Summon Lightning Spire         Summoning/Air                4
   f - Summon Ice Beast               Ice/Summoning                4
Comestibles
 b - a meat ration


   Skills:
 + Level 2.6 Dodging
 + Level 2.6 Stealth
 + Level 2.0 Spellcasting
 + Level 4.1 Summonings


You had 3 spell levels left.
You knew the following spells:

 Your Spells              Type           Power        Failure   Level  Hunger
a - Summon Small Mammal   Summ           ##..         3%          1    #......


Dungeon Overview and Level Annotations

Branches:
Dungeon (1/15)

Altars:


Innate Abilities, Weirdness & Mutations

You cannot wear armour.
You are incapable of wielding weapons or throwing items.
Your paws allow you to move quietly. (Stealth)
You have sharp claws.
You have razor-sharp teeth.
You have supernaturally acute eyesight. (SInv)
You are carnivorous and can eat meat at any time.
You cover ground quickly.
You are covered in fur. (AC +1)
You have a slow metabolism.
Your sharp claws are effective at attacking unaware monsters.


Message History

You scratch the kobold.
You kill the kobold!
Your quokka barely misses the leopard gecko. x2
A kobold comes into view.
Your quokka barely misses the leopard gecko.
The frilled lizard barely misses your quokka.
You scratch the leopard gecko.
The leopard gecko is moderately wounded.
Your bat barely misses the leopard gecko.
The leopard gecko misses you.
Your quokka closely misses the leopard gecko.
Your bat closely misses the leopard gecko.
Your quokka closely misses the leopard gecko.
Your bat closely misses the leopard gecko.
Your bat hits the leopard gecko but does no damage.
You scratch the leopard gecko but do no damage.
The leopard gecko is moderately wounded.
Your bat misses the leopard gecko. The leopard gecko bites you.
Ouch! That really hurt!
You die...

##..##.#.............. ... .
##....##........##.#..# #.# #
......†.........##...## #.# #
.....†....K.....##...#.##.###
##....##......#.......##.....
##.. #.#.lb..#...##.....((†.
## #.#.#.r..#..##.#........
..#.##.rl....# ##........
....##.#.@.##.###...#.....
........#.#..##.....#.######
.........##.........#.######
...........#................
....... ....#.##...#.####.#
.###......#.##...#.# #.#
#......#.##...#.# # # ... .#.
#..>. # ... #. #..##. #


You could see a leopard gecko, a kobold, a frilled lizard, 2 friendly quokkas
and a friendly bat.

Vanquished Creatures
  A kobold (D:1)
1 creature vanquished.

Vanquished Creatures (collateral kills)
  2 kobolds (D:1)
  2 rats (D:1)
4 creatures vanquished.

Grand Total: 5 creatures vanquished

Notes
Turn   | Place    | Note
-------+----------+-------------------------------------------
     0 | D:1      | PrincessLeslie the Felid Summoner began the quest for the Orb.
     0 | D:1      | Reached XP level 1. HP: 7/7 MP: 4/4
   104 | D:1      | Slain by a leopard gecko

Action                   || total
-------------------------++-------
Melee: Unarmed           ||    11
       Bite              ||     1
 Cast: Summon Small Mamm ||     8
Armor: Skin              ||     2
Dodge: Dodged            ||     8
